 Dungeon Crawl Stone Soup version 0.19.5 (webtiles) character file.

10232 McKennaii the Thaumaturge (level 11, -6/56 HPs)
             Began as a Deep Elf Fire Elementalist on May 19, 2017.
             Was a High Priest of Vehumet.
             Mangled by a catoblepas (30 damage)
             ... on level 9 of the Dungeon.
             The game lasted 00:31:19 (10778 turns).

McKennaii the Thaumaturge (DEFE)                   Turns: 10778, Time: 00:31:20

Health: -6/56      AC:  5    Str:  5    XL:     11   Next: 33%
Magic:  23/39      EV: 15    Int: 28    God:    Vehumet [*****.]
Gold:   707        SH:  0    Dex: 15    Spells: 9 memorised, 14 levels left

rFire  + . .     SeeInvis .     O - +1 short sword (curse)
rCold  + . .     Gourm    +     F - +2 robe {rC+ rF+}
rNeg   . . .     Faith    .     (no shield)
rPois  .         Spirit   .     (no helmet)
rElec  .         Reflect  .     G - +0 cloak
rCorr  .         Harm     .     (no gloves)
MR     +....                    (no boots)
Stlth  +++.......               l - amulet of the gourmand
                                M - ring of magical power
                                k - +4 ring of intelligence

@: no status effects
A: no striking features
a: Renounce Religion


You were on level 9 of the Dungeon.
You worshipped Vehumet.
Vehumet was extremely pleased with you.
You were very full.

You visited 1 branch of the dungeon, and saw 11 of its levels.
You also visited: Sewer.

You collected 707 gold pieces.

Inventory:

Hand Weapons
 O - a cursed +1 short sword (weapon)
Armour
 F - a +2 robe of resistance (worn)
 G - a +0 cloak (worn)
Jewellery
 k - a +4 ring of intelligence (left hand)
 l - an amulet of the gourmand (around neck)
 I - an uncursed ring of wizardry
 L - an uncursed ring of ice
 M - a ring of magical power (right hand)
Wands
 q - a wand of polymorph (21/24)
 r - a wand of slowing (29/48)
 s - a wand of paralysis (6/24)
 u - a wand of iceblast (10/15)
 z - a wand of iceblast (10/15)
 D - a wand of paralysis (18/24)
 U - a wand of iceblast (13/15)
Scrolls
 a - 3 scrolls of magic mapping
 g - 3 scrolls of teleportation
 h - 3 scrolls of amnesia
 i - 2 scrolls of identify
 j - 2 scrolls of blinking
 n - a scroll of enchant armour
 v - 5 scrolls of recharging
 y - 2 scrolls of remove curse
 N - a scroll of torment
 Q - a scroll of fear
Potions
 d - a potion of cure mutation
 e - a potion of invisibility
 f - 6 potions of curing
 m - a potion of magic
 o - 4 potions of agility
 p - a potion of mutation
 w - a potion of might
 x - 5 potions of heal wounds
 E - 3 potions of resistance
Books
 b - a book of Flames

   Spells                             Type                      Level
   a - Flame Tongue                   Conjuration/Fire             1
   b - Throw Flame                    Conjuration/Fire             2
   c - Conjure Flame                  Conjuration/Fire             3
   d - Inner Flame                    Hexes/Fire                   3
   e - Sticky Flame                   Conjuration/Fire             4
   f - Fireball                       Conjuration/Fire             5
 A - a book of Clouds

   Spells                             Type                      Level
   a - Mephitic Cloud                 Conjuration/Poison/Air       3
   b - Conjure Flame                  Conjuration/Fire             3
   c - Poisonous Cloud                Conjuration/Poison/Air       6
   d - Freezing Cloud                 Conjuration/Ice/Air          6
   e - Ring of Flames                 Charms/Fire                  7
 B - a book of Minor Magic

   Spells                             Type                      Level
   a - Magic Dart                     Conjuration                  1
   b - Blink                          Translocation                2
   c - Call Imp                       Summoning                    2
   d - Repel Missiles                 Charms/Air                   2
   e - Slow                           Hexes                        2
   f - Conjure Flame                  Conjuration/Fire             3
   g - Mephitic Cloud                 Conjuration/Poison/Air       3
 C - a book of Misfortune

   Spells                             Type                      Level
   a - Confusing Touch                Hexes                        1
   b - Confuse                        Hexes                        3
   c - Gell's Gravitas                Hexes/Translocation          3
   d - Petrify                        Transmutation/Earth          4
   e - Metabolic Englaciation         Hexes/Ice                    5
   f - Yara's Violent Unravelling     Hexes/Transmutation          5
Comestibles
 c - 11 bread rations
 t - 3 fruits
 J - a royal jelly
 P - a meat ration
 S - 2 beef jerkies


   Skills:
 + Level 1.0 Fighting
 + Level 4.9 Dodging
 + Level 4.6 Stealth
 + Level 13.0 Spellcasting
 + Level 11.0 Conjurations
 + Level 11.0 Fire Magic


You had 14 spell levels left.
You knew the following spells:

 Your Spells              Type           Power        Failure   Level  Hunger
a - Flame Tongue          Conj/Fire      #####        1%          1    None
b - Throw Flame           Conj/Fire      ######       1%          2    None
c - Conjure Flame         Conj/Fire      ######..     1%          3    None
d - Magic Dart            Conj           ####         1%          1    None
e - Slow                  Hex            ###.....     6%          2    None
f - Fireball              Conj/Fire      ######....   1%          5    ##.....
g - Gell's Gravitas       Hex/Tloc       ###.......   12%         3    None
h - Blink                 Tloc           N/A          6%          2    None
i - Confuse               Hex            ###.....     12%         3    None


Dungeon Overview and Level Annotations

Branches:
Dungeon (11/15)            Temple (0/1) D:5            Lair (0/6) D:10
    Orc (0/2) D:9

Altars:
Ashenzari
Cheibriados
Dithmenos
Elyvilon
Fedhas
Gozag
Hepliaklqana
Kikubaaqudgha
Makhleb
Okawaru
Ru
Sif Muna
Vehumet
The Shining One

Shops:
D:8 *


Message History

The catoblepas breathes a plume of calcifying dust at you.
The blast of calcifying dust hits you!
The catoblepas breathes a plume of calcifying dust at you.
The blast of calcifying dust hits you!
You see here 17 gold pieces.
Casting: Fireball
Confirm with . or Enter, or press ? or * to list all spells.
Aiming: Fireball
Press: ? - help, Shift-Dir - straight line
Okay, then.
An ogre comes into view. It is wielding a giant club.
Casting: Fireball
Confirm with . or Enter, or press ? or * to list all spells.
Aiming: Fireball
Press: ? - help, Shift-Dir - straight line The fireball explodes!
The fireball engulfs the catoblepas.
The catoblepas is heavily wounded.
The catoblepas gores you!!
Ouch! That really hurt!
You die...

..############...#...............
.............+...#.#######.......
.............#'###.#.....#.......
..)................#.....#(......
...................#.....#.......
...................##'####.....##
##################.............#
.......#.....#...#.............#
.....[.#.....#..@#.............#
.......#.....#..Y#######......##
#####'##'#####..§#'....#......#
...#.........'..§##....#......#
...#........O######....#......#
.[.'..#####..# #....#......#
####..#####..+ ##.)..#......#
.[.#.........# #'....##.....#
...÷.........# ##....)'.....#


You could see a catoblepas and an ogre.

Vanquished Creatures
  A hydra (D:9)
  Fannar (D:10)
  Erica (D:8)
  2 hill giants (D:10)
  Maurice (D:10)
  2 two-headed ogres
  A hippogriff (D:6)
  A meliai zombie (D:10)
  A spriggan (D:8)
  6 yaks (D:9)
  The ghost of McKennaii the Magician, an amateur DEFE of Vehumet (D:4)
  2 wargs (D:10)
  A water moccasin (D:10)
  4 orc warriors
  An ice beast (D:8)
  3 black bears
  2 ogres
  3 sky beasts
  2 phantoms
  8 centaurs
  5 big kobolds
  4 bullfrogs
  A water moccasin zombie (D:6)
  5 scorpions
  3 killer bees (D:7)
  3 howler monkeys (D:9)
  3 electric eels (D:10)
  4 crimson imps
  2 quasits
  A centaur zombie (D:6)
  5 orc priests
  5 hounds
  7 orc wizards
  Ijyb (D:2)
  Jessica (D:2)
  2 bullfrog skeletons
  Terence (D:1)
  3 iguanas
  4 worker ants
  A hound zombie (D:6)
  A howler monkey skeleton (D:9)
  13 adders
  6 river rats
  3 shadow imps (D:6)
  4 oozes
  An adder zombie (D:7)
  4 worms
  10 leopard geckos
  23 orcs
  7 ball pythons
  10 bats
  5 giant cockroaches
  6 goblins
  10 hobgoblins
  2 jackals (D:6)
  33 kobolds
  3 quokkas
  4 frilled lizards
  A leopard gecko skeleton (D:5)
  A quokka skeleton (D:5)
  32 rats
  A rat zombie (D:4)
285 creatures vanquished.

Notes
Turn   | Place    | Note
-------+----------+-------------------------------------------
     0 | D:1      | McKennaii the Deep Elf Fire Elementalist began the quest for the Orb.
     0 | D:1      | Reached XP level 1. HP: 10/10 MP: 6/6
   113 | D:1      | Reached XP level 2. HP: 11/15 MP: 6/8
   404 | D:1      | Reached XP level 3. HP: 17/19 MP: 4/9
   410 | D:1      | Learned a level 2 spell: Throw Flame
   414 | D:1      | Learned a level 3 spell: Conjure Flame
   895 | D:2      | Noticed Terence
   923 | D:2      | Noticed Ijyb
  1009 | D:1      | Killed Terence
  1087 | D:2      | Reached XP level 4. HP: 23/24 MP: 6/11
  1127 | D:2      | Found a radiant altar of Vehumet.
  1186 | D:2      | Became a worshipper of Vehumet
  1221 | D:2      | Noticed Jessica
  1228 | D:2      | Killed Jessica
  1258 | D:2      | Killed Ijyb
  1258 | D:2      | Reached skill level 4 in Spellcasting
  1355 | D:2      | Found a shattered altar of Ashenzari.
  1409 | D:2      | Found a deep blue altar of Sif Muna.
  1410 | D:2      | Found a snail-covered altar of Cheibriados.
  1506 | D:2      | Found a shadowy altar of Dithmenos.
  1521 | D:2      | Reached XP level 5. HP: 18/28 MP: 9/13
  1528 | D:2      | Learned a level 5 spell: Fireball
  1732 | D:3      | Found a glowing drain.
  1754 | Sewer    | Entered a sewer
  1765 | Sewer    | Reached * piety under Vehumet
  1765 | Sewer    | Offered knowledge of Magic Dart by Vehumet.
  1769 | Sewer    | Learned a level 1 spell: Magic Dart
  2144 | Sewer    | Reached XP level 6. HP: 19/32 MP: 0/15
  2289 | Sewer    | Offered knowledge of Shock by Vehumet.
  2289 | Sewer    | Reached skill level 5 in Fire Magic
  2292 | Sewer    | Reached ** piety under Vehumet
  2304 | Sewer    | Reached skill level 5 in Spellcasting
  2855 | D:3      | Offered knowledge of Throw Frost by Vehumet.
  2885 | D:3      | Found a hazy altar of Hepliaklqana.
  3143 | D:3      | Reached *** piety under Vehumet
  3355 | D:4      | Noticed McKennaii's ghost (amateur DEFE)
  3361 | D:4      | Killed McKennaii's ghost
  3361 | D:4      | Reached skill level 6 in Spellcasting
  3361 | D:4      | Reached XP level 7. HP: 31/36 MP: 4/18
  3678 | D:4      | Found an ancient bone altar of Kikubaaqudgha.
  3697 | D:4      | Found a sacrificial altar of Ru.
  3819 | D:4      | Found a glowing golden altar of the Shining One.
  4297 | D:5      | Entered Level 5 of the Dungeon
  4466 | D:5      | Offered knowledge of Static Discharge by Vehumet.
  4558 | D:5      | Reached skill level 5 in Conjurations
  4918 | D:5      | Found a staircase to the Ecumenical Temple.
  5184 | D:6      | Reached skill level 7 in Spellcasting
  5452 | D:6      | Reached XP level 8. HP: 24/41 MP: 4/20
  5637 | D:6      | Noticed a hippogriff
  5647 | D:6      | Killed a hippogriff
  5871 | D:6      | Reached skill level 8 in Spellcasting
  5989 | D:6      | Reached **** piety under Vehumet
  6172 | D:6      | Offered knowledge of Lightning Bolt by Vehumet.
  6400 | D:7      | Reached skill level 9 in Spellcasting
  6455 | D:7      | Reached XP level 9. HP: 42/45 MP: 16/24
  7232 | D:8      | Reached skill level 10 in Spellcasting
  7355 | D:8      | Learned a level 2 spell: Slow
  7359 | D:8      | Learned a level 3 spell: Gell's Gravitas
  7362 | D:8      | Learned a level 2 spell: Blink
  7366 | D:8      | Learned a level 3 spell: Confuse
  7380 | D:8      | Found a burning altar of Makhleb.
  7569 | D:8      | Found an iron altar of Okawaru.
  7607 | D:8      | Found an opulent altar of Gozag.
  7607 | D:8      | Found Gozag's Platinum Reserve.
  7607 | D:8      | You fall through a shaft for 3 floors!
  7899 | D:10     | Entered Level 10 of the Dungeon
  8266 | D:10     | Noticed Fannar
  8269 | D:10     | Killed Fannar
  8269 | D:10     | Reached XP level 10. HP: 47/51 MP: 8/26
  8270 | D:10     | Found a blossoming altar of Fedhas.
  8304 | D:10     | Reached skill level 11 in Spellcasting
  8459 | D:10     | Reached ***** piety under Vehumet
  8568 | D:10     | Found a staircase to the Lair.
  8651 | D:10     | Noticed a hill giant
  8657 | D:10     | Killed a hill giant
  8912 | D:10     | Offered knowledge of Bolt of Magma by Vehumet.
  8933 | D:10     | Noticed a hill giant
  8935 | D:10     | Killed a hill giant
  8935 | D:10     | Reached skill level 10 in Conjurations
  8935 | D:10     | Reached skill level 10 in Fire Magic
  9051 | D:10     | Noticed Maurice
  9054 | D:10     | Killed Maurice
  9054 | D:10     | Reached skill level 1 in Fighting
  9054 | D:10     | Reached skill level 12 in Spellcasting
  9555 | D:8      | Noticed Erica
  9561 | D:8      | Killed Erica
  9561 | D:8      | Reached XP level 11. HP: 36/56 MP: 25/29
  9879 | D:9      | Found a white marble altar of Elyvilon.
 10282 | D:9      | Found a staircase to the Orcish Mines.
 10661 | D:9      | Noticed a four-headed hydra
 10666 | D:9      | Killed a four-headed hydra
 10666 | D:9      | Reached skill level 13 in Spellcasting
 10767 | D:9      | Noticed a catoblepas
 10778 | D:9      | Mangled by a catoblepas

Skill      XL: |  1  2  3  4  5  6  7  8  9 10 11 |
---------------+----------------------------------+-----
Stealth        | 3 4 |  4.6
Fire Magic     | 4 5 6 7 9 10 11 | 11.0
Conjurations   | 2 3 4 5 7 9 10 11 | 11.0
Spellcasting   | 4 6 7 9 10 12 13 | 13.0
Dodging        | 3 4 |  4.9
Fighting       | 1 |  1.0

Action                   |  1- 3 |  4- 6 |  7- 9 | 10-12 || total
-------------------------+-------+-------+-------+-------++-------
Melee: Unarmed           |     1 |     1 |       |     2 ||     4
 Cast: Flame Tongue      |    47 |   133 |   230 |   110 ||   520
       Throw Flame       |     1 |    21 |    60 |    23 ||   105
       Conjure Flame     |     1 |     2 |     2 |     2 ||     7
       Magic Dart        |       |     2 |    18 |    16 ||    36
       Fireball          |       |     2 |    10 |    37 ||    49
  Use: Scroll            |       |       |    14 |     9 ||    23
       Potion            |       |       |       |     6 ||     6
  Eat: Chunk             |       |     7 |    18 |    10 ||    35
       Meat ration       |       |       |     1 |       ||     1
       Pizza             |       |       |     1 |       ||     1
Armor: Robe              |     8 |     6 |    24 |     6 ||    44
Dodge: Dodged            |    15 |    18 |    70 |    25 ||   128
